 Dungeon Crawl Stone Soup version 0.28-a0-245-g639a1a48b9 (webtiles) character file.

Game seed: 6174440272895857083

2038 theanonym the Martial Artist (level 9, -5/62 HPs)
             Began as an Octopode Monk on Aug 25, 2021.
             Was an Elder of Yredelemnul.
             Killed from afar by a steam dragon (19 damage)
             ... with a ball of steam
             ... on level 7 of the Dungeon.
             The game lasted 00:10:02 (7273 turns).

theanonym the Martial Artist (Octopode Monk)        Turns: 7273, Time: 00:10:02

Health: -5/62      AC:  1    Str: 13    XL:     9   Next: 24%
Magic:  13/13      EV: 14    Int: 13    God:    Yredelemnul [****..]
Gold:   220        SH:  5    Dex: 14    Spells: 8/8 levels left

rFire   . . .      SeeInvis +     - Unarmed
rCold   . . .      Faith    .   a - +0 buckler
rNeg    + . .      Spirit   .   (helmet restricted)
rPois   +          Reflect  .   (no amulet)
rElec   .          Harm     .   b - ring of positive energy
rCorr   +          Rampage  .   c - +4 ring of slaying
Will    +....                   l - ring of see invisible
Stlth   +++.......              v - ring of poison resistance
HPRegen 0.20/turn               z - ring of resist corrosion
MPRegen 0.13/turn               k - ring of willpower
                                (no ring)
                                (no ring)

@: no status effects
A: almost no armour, amphibious, 8 rings, camouflage 1, gelatinous body 1,
(nimble swimmer 1), tentacles
a: Renounce Religion, Recall Undead Slaves, Injury Mirror, Animate Dead, Drain
Life


Innate Abilities, Weirdness & Mutations

You cannot wear most types of armour.
You are amphibious.
You can wear up to eight rings at the same time.
Your skin changes colour to match your surroundings (Stealth+).
Your rubbery body absorbs attacks. (AC +1, EV +1)
((You are camouflaged near water. (Stealth+)))
You have tentacles for arms and can constrict up to eight enemies at once.


   Skills:
 + Level 6.2 Fighting
 - Level 3.0 Dodging
 - Level 2.6 Stealth
 - Level 4.0 Shields
 * Level 8.5 Unarmed Combat
 + Level 5.8 Invocations


You had 8 spell levels left.
You didn't know any spells.
Your spell library contained the following spells:

 Spells                   Type           Power      Damage    Failure   Level
 Freeze                   Ice            0%         1d3       30%         1
 Magic Dart               Conj           0%         1d3       30%         1
 Call Imp                 Summ           0%         N/A       43%         2
 Frozen Ramparts          Ice            0%         1d2       67%         3
 Gell's Gravitas          Tloc           0%         N/A       67%         3
 Lesser Beckoning         Tloc           0%         N/A       67%         3
 Mephitic Cloud           Conj/Pois/Air  0%         N/A       67%         3
 Teleport Other           Tloc           0%         N/A       67%         3
 Hailstorm                Conj/Ice       0%         3d3       97%         4
 Dispersal                Tloc           0%         N/A       100%        6
 Malign Gateway           Summ/Tloc      0%         N/A       100%        7

Skill      XL: |  1  2  3  4  5  6  7  8  9 |
---------------+----------------------------+-----
Shields        | 1 2 3 4 |  4.0
Unarmed Combat | 4 5 6 8 |  8.5
Invocations    | 1 2 3 5 |  5.8
Fighting       | 4 5 6 |  6.2
Dodging        | |  3.0
Stealth        | |  2.6

Action                   |  1- 3 |  4- 6 |  7- 9 || total
-------------------------+-------+-------+-------++-------
Melee: Unarmed           |    68 |    39 |   133 ||   240
       Constrict         |    19 |     9 |    25 ||    53
       Tentacles         |    15 |    10 |    29 ||    54
       Punch             |       |     2 |    13 ||    15
Throw: Throwing net      |       |       |     1 ||     1
Invok: Animate Dead      |     4 |     7 |    21 ||    32
       Recall Undead Sla |       |       |     2 ||     2
  Use: Scroll            |     4 |       |    11 ||    15
       Potion            |       |     1 |       ||     1
 Stab: Sleeping          |    11 |     5 |    13 ||    29
       Distracted        |       |       |     1 ||     1
       Held in net/web   |       |       |     1 ||     1
Armor: Skin              |     3 |     1 |     5 ||     9
Dodge: Dodged            |    34 |    19 |    62 ||   115
Block: Buckler           |     1 |     5 |    19 ||    25

Inventory:

Missiles
 D - 2 throwing nets (quivered)
Armour
 a - a +0 buckler (worn)
Jewellery
 b - a ring of positive energy (left tentacle)
 c - a +4 ring of slaying (right tentacle)
 f - a ring of wizardry
 k - a ring of willpower (on tentacle)
 l - a ring of see invisible (on tentacle)
 v - a ring of poison resistance (on tentacle)
 z - a ring of resist corrosion (on tentacle)
Wands
 w - a wand of flame (33)
Scrolls
 d - a scroll of silence
 j - a scroll of enchant armour
 n - a scroll of holy word {unknown}
 p - a scroll of immolation {unknown}
 s - a scroll of magic mapping {unknown}
 t - 2 scrolls of teleportation
 y - a scroll of fear {unknown}
 B - 2 scrolls of blinking
 C - a scroll of amnesia {unknown}
Potions
 e - 2 potions of flight
 g - 3 potions of cancellation
 h - a potion of haste
 i - a potion of attraction
 m - a potion of might
 o - a potion of ambrosia
 q - 2 potions of heal wounds
 r - a potion of invisibility {unknown}
 u - a potion of lignification
 x - 3 potions of curing
 A - a potion of mutation


You were on level 7 of the Dungeon.
You worshipped Yredelemnul.
Yredelemnul was greatly pleased with you.
You visited 1 branch of the dungeon, and saw 7 of its levels.

You collected 374 gold pieces.
You spent 154 gold pieces at shops.

Dungeon Overview and Level Annotations

Branches:
Dungeon (7/15)             Temple (0/1) D:4

Altars:
Dithmenos
Qazlal
Yredelemnul

Shops:
D:2 [ D:4

! #.# #.. #.## #..## #§§.#
##.## ...###+###.###..Z...
.......D§§§#..#
...#.###§##.##.#
##@Z.#..#(# #Z.#####.#.# .
..# #.#....# .#?. #
.#####..##.#..##Z## .###
#. ........(......Z## ##
.. ..##.......#######Z#
#.# ##
.....(.....#Z.ZZ.#Z#..##.#
..#.......#.###Z#.#...#.
#........#.'.#ZZ..#.#.


You could see a steam dragon (catching breath, ally target), a friendly scorpion
zombie and a friendly necrophage skeleton.

Notes
Turn   | Place    | Note
-------+----------+-------------------------------------------
     0 | D:1      | theanonym the Octopode Monk began the quest for the Orb.
     0 | D:1      | Reached XP level 1. HP: 16/16 MP: 1/1
   200 | D:1      | Found a faded altar of an unknown god.
   243 | D:1      | Reached XP level 2. HP: 19/21 MP: 2/2
   267 | D:1      | Became a worshipper of Yredelemnul the Dark
   267 | D:1      | Reached * piety under Yredelemnul
   267 | D:1      | Reached ** piety under Yredelemnul
   693 | D:1      | Reached *** piety under Yredelemnul
  1219 | D:2      | Reached XP level 3. HP: 26/26 MP: 3/3
  1253 | D:2      | Found Yppuffek's Antique Armour Shoppe.
  1469 | D:2      | You fall into a shaft and drop 2 floors!
  1508 | D:4      | Noticed a phantom
  1543 | D:4      | Noticed a necrophage
  1595 | D:4      | Noticed a kobold brigand
  1602 | D:4      | Killed a kobold brigand
  1602 | D:4      | HP: 13/26 [kobold (4)]
  1603 | D:4      | Reached skill level 1 in Shields
  1603 | D:4      | Reached skill level 4 in Unarmed Combat
  1603 | D:4      | Reached skill level 1 in Invocations
  1603 | D:4      | Reached XP level 4. HP: 17/32 MP: 3/5
  1816 | D:3      | Found a shadowy altar of Dithmenos.
  1864 | D:4      | Killed a phantom
  1865 | D:4      | Reached skill level 2 in Invocations
  1865 | D:4      | Reached XP level 5. HP: 19/37 MP: 6/6
  2085 | D:4      | Noticed a black bear
  2094 | D:4      | HP: 17/37 [black bear (9)]
  2095 | D:4      | Killed a black bear
  2096 | D:4      | Reached skill level 4 in Fighting
  2096 | D:4      | Reached skill level 2 in Shields
  2096 | D:4      | Reached skill level 5 in Unarmed Combat
  2096 | D:4      | Reached XP level 6. HP: 20/43 MP: 4/7
  2101 | D:4      | HP: 17/43 [bullfrog zombie (4)]
  2117 | D:4      | Noticed a necrophage
  2188 | D:4      | Killed a necrophage
  2650 | D:3      | Noticed Sigmund
  2656 | D:3      | Killed Sigmund
  2657 | D:3      | Reached skill level 3 in Invocations
  2657 | D:3      | Reached XP level 7. HP: 27/49 MP: 9/9
  2896 | D:3      | Received a gift from Yredelemnul (a wight)
  3311 | D:2      | Noticed Terence
  3319 | D:2      | Killed Terence
  4010 | D:4      | Got the Compendium of Displacement
  4026 | D:4      | Found a staircase to the Ecumenical Temple.
  4059 | D:4      | Reached skill level 3 in Shields
  4059 | D:4      | Reached skill level 6 in Unarmed Combat
  4551 | D:4      | Found Foherphor's Distillery.
  4563 | D:4      | Bought a potion of heal wounds for 70 gold pieces
  4563 | D:4      | Bought 2 potions of curing for 84 gold pieces
  4693 | D:5      | Entered Level 5 of the Dungeon
  4718 | D:5      | Found a stormy altar of Qazlal.
  4936 | D:5      | Reached XP level 8. HP: 54/54 MP: 10/10
  4980 | D:5      | Reached **** piety under Yredelemnul
  4981 | D:5      | Reached skill level 4 in Invocations
  5077 | D:5      | Reached skill level 5 in Fighting
  5555 | D:6      | Received a gift from Yredelemnul (5 flying skulls)
  5609 | D:6      | HP: 27/55 [acid (1)]
  6424 | D:7      | Reached skill level 7 in Unarmed Combat
  6449 | D:7      | Reached skill level 4 in Shields
  6619 | D:7      | HP: 23/56 [orc warrior (12)]
  6624 | D:7      | Reached skill level 5 in Invocations
  6640 | D:7      | HP: 20/56 [gnoll (7)]
  6887 | D:7      | Noticed a troll
  6896 | D:7      | HP: 20/57 [troll (10)]
  6897 | D:7      | Killed a troll
  6898 | D:7      | Reached skill level 8 in Unarmed Combat
  6898 | D:7      | Reached XP level 9. HP: 22/62 MP: 11/13
  7129 | D:7      | Reached skill level 6 in Fighting
  7271 | D:7      | HP: 28/62 [steam dragon] (9)]
  7271 | D:7      | HP: 13/62 [steam dragon (5)]
  7273 | D:7      | Killed from afar by a steam dragon

Vanquished Creatures
  A troll (D:7)
  3 orc warriors (D:7)
  A black bear (D:4)
  3 necrophages
  An ogre (D:5)
  A kobold brigand (D:4)
  A phantom (D:4)
  2 scorpions
  A wight (D:7)
  2 centaur zombies
  A bullfrog zombie (D:4)
  2 hounds (D:5)
  A centaur skeleton (D:5)
  2 jellies
  A bullfrog skeleton (D:5)
  Terence (D:2)
  3 gnolls
  A howler monkey skeleton (D:7)
  10 adders
  A white imp (D:6)
  2 worms
  7 orcs
  6 bats
  7 endoplasms
  3 giant cockroaches
  6 goblins
  4 hobgoblins
  5 quokkas
  8 ball pythons
  4 frilled lizards
  4 kobolds
  8 rats
103 creatures vanquished.

Vanquished Creatures (collateral kills)
  Sigmund (D:3)
  An ice beast (D:7)
  A centaur (D:6)
  A scorpion (D:7)
  2 wights (D:7)
  2 orc priests (D:7)
  A gnoll shaman (D:7)
  2 gnolls (D:7)
  An adder (D:4)
  A shadow imp (D:7)
  An orc (D:6)
14 creatures vanquished.

Vanquished Creatures (others)
  A troll zombie (D:7)
  2 gnoll skeletons (D:7)
  A kobold zombie (D:4)
  4 orc zombies (D:7)
  A fungus (D:1)
  4 plants (D:7)
13 creatures vanquished.

Grand Total: 130 creatures vanquished

Table legend: (Time is in decaauts)
 A = Elapsed time spent in this place.
 B = Non-inter-level travel time spent in this place.
 C = Inter-level travel time spent in this place.
 D = Time resting spent in this place.
 E = Time spent auto-exploring this place.
 F = Levels seen in this place.
 G = Mean time per level.
                   A        B        C        D        E       F      G
               +--------+--------+--------+--------+--------+-----+--------+
         Total |   7252 |   7021 |    231 |   1520 |   4537 |   7 | 1036.0 |
       Dungeon |   7252 |   7021 |    231 |   1520 |   4537 |   7 | 1036.0 |
               +--------+--------+--------+--------+--------+-----+--------+

Top non-repeatable levels by time:
     D:4: 1757 daAuts
     D:1: 1181 daAuts
     D:6: 1121 daAuts
     D:2: 969 daAuts
     D:3: 775 daAuts
     D:5: 767 daAuts
     D:7: 680 daAuts
